 Dungeon Crawl Stone Soup version 0.30.1-11-g7821555f0a (webtiles) character file.

Game seed: 16300998615294750725

71 Marvel the Trooper (level 4, -3/41 HPs)
             Began as a Hill Orc Fighter on Dec 29, 2023.
             Slain by a gnoll
             ... wielding a +0 flail
              (5 damage)
             ... on level 2 of the Dungeon.
             The game lasted 00:00:50 (968 turns).

Marvel the Trooper (Hill Orc Fighter)                Turns: 968, Time: 00:00:51

Health: -3/41      AC:  7    Str: 20    XL:     4   Next: 24%
Magic:  4/4        EV:  9    Int:  8    God:
Gold:   73         SH:  4    Dex: 10    Spells: 3/3 levels left

rFire   . . .        a - +0 war axe
rCold   . . .        c - +0 buckler
rNeg    . . .        b - +0 scale mail
rPois   .            (no helmet)
rElec   .            (no cloak)
rCorr   .            (no gloves)
SInv    .            (no boots)
Will    .....        (no amulet) Stlth
                     (no ring)
HPRegen 0.26/turn    (no ring)
MPRegen 0.09/turn

%: no passive effects
@: no status effects
A: no striking features
a: no special abilities


You were on level 2 of the Dungeon.
You visited 1 branch of the dungeon, and saw 2 of its levels.

You collected 73 gold pieces.

Inventory:

Hand Weapons
 a - a +0 war axe (weapon)
Armour
 b - a +0 scale mail (worn)
 c - a +0 buckler (worn)
Scrolls
 e - a scroll of fog {unknown}
 k - a scroll of identify {unknown}
Potions
 d - a potion of might
 f - 3 potions of degeneration {unknown}
 g - a potion of curing {unknown}
 h - a potion of attraction {unknown}
 i - 2 potions of berserk rage {unknown}
 j - a potion of heal wounds {unknown}


   Skills:
 + Level 4.4 Fighting
 + Level 3.8 Axes
 + Level 3.9 Armour
 + Level 3.6 Shields


You had 3 spell levels left.
You didn't know any spells.
Your spell library contained the following spells:

 Spells                   Type           Power      Damage    Failure   Level
 Shock                    Conj/Air       0%         1d3       83%         1
 Swiftness                Air            0%         N/A       99%         3
 Airstrike                Air            0%         2d(0-16)  100%        4


Dungeon Overview and Level Annotations

Branches:
Dungeon (2/15)

Altars:


Message History

You closely miss the gnoll. The gnoll completely misses you.
You closely miss the gnoll. You hit the gnoll but do no damage.
A gnoll comes into view. It is wielding a +0 whip.
The gnoll barely misses you. The gnoll closely misses you.
The gnoll barely misses you.
The gnoll moves out of view.
You hit the gnoll but do no damage. You hit the gnoll.
The gnoll barely misses you. You block the gnoll's attack.
You hit the gnoll.
The gnoll is heavily wounded.
You closely miss the gnoll. The gnoll hits you with a +0 flail.
The gnoll barely misses you.
You hit the gnoll.
The gnoll is severely wounded.
You barely miss the gnoll. The gnoll hits you with a +0 flail!
The gnoll barely misses you. You block the gnoll's attack.
The gnoll barely misses you.
You hit the gnoll.
The gnoll is almost dead.
You closely miss the gnoll. The gnoll hits you with a +0 flail!
The gnoll hits you but does no damage.
You are too injured to fight recklessly!
You are too injured to fight recklessly!
You closely miss the gnoll.
The gnoll is almost dead.
The gnoll hits you with a +0 flail.
* * * LOW HITPOINT WARNING * * *
You barely miss the gnoll.
The gnoll is almost dead.
The gnoll hits you with a +0 flail!
* * * LOW HITPOINT WARNING * * *
The gnoll hits you but does no damage.
You hit the gnoll.
You kill the gnoll!
You closely miss the gnoll. You block the gnoll's attack.
The gnoll closely misses you.
You slash the gnoll!
The gnoll is almost dead.
The gnoll hits you with a +0 flail.
You die...

#..>......#
#.........#
####...####
#...#
####...######
#............
#.###.#######
######.# #.#
#..g@..# #.#
#)###### #.#
#. #.# #. #.#
#. #.# .. .#
.


You could see a gnoll.

Vanquished Creatures
  2 gnolls (D:2)
  2 adders (D:2)
  A dart slug (D:1)
  5 ball pythons
  3 bats (D:1)
  An endoplasm (D:1)
  3 giant cockroaches (D:1)
  2 goblins (D:1)
  2 hobgoblins
  4 jackals (D:2)
  3 frilled lizards
  2 rats (D:1)
30 creatures vanquished.

Notes
Turn   | Place    | Note
-------+----------+-------------------------------------------
     0 | D:1      | Marvel the Hill Orc Fighter began the quest for the Orb.
     0 | D:1      | Reached XP level 1. HP: 19/19 MP: 1/1
   128 | D:1      | Reached XP level 2. HP: 19/27 MP: 2/2
   134 | D:1      | Reached skill level 4 in Fighting
   768 | D:2      | Reached XP level 3. HP: 32/33 MP: 3/3
   955 | D:2      | Reached XP level 4. HP: 28/41 MP: 4/4
   965 | D:2      | HP: 1/41 [gnoll/+0 flail (11)]
   968 | D:2      | Slain by a gnoll

Illustrated notes

Levels and vault maps discovered:
D:1:      erik_arrival_blinker_ship, layout_basic, st_stairs_5,
          wad_woods_river_04
D:2:      layout_loops_ring

Skill      XL: |  1  2 |
---------------+-------+-----
Fighting       | 4 |  4.4
Axes           | 3 |  3.8
Armour         | |  3.9
Shields        | |  3.6

Action                     |  1- 3 |  4- 6 || total
---------------------------+-------+-------++-------
  Melee: War axe           |    66 |    12 ||    78
 Armour: Scale mail        |    40 |     2 ||    42
  Dodge: Dodged            |    33 |     9 ||    42
  Block: Buckler           |    18 |     3 ||    21
